 Dungeon Crawl Stone Soup version 0.31-a0-210-gccc998df9b (webtiles) character file.

Game seed: 15583939355268183912

7214 CornPuffBuddha the Marksminotaur (level 10, -5/94 HPs)
             Began as a Minotaur Hunter on June 30, 2023.
             Was a High Priest of Okawaru.
             Slain by a sun demon (11 damage)
             ... summoned by a kobold demonologist
             ... on level 10 of the Dungeon.
             The game lasted 00:32:21 (9791 turns).

CornPuffBuddha the Marksminotaur (Minotaur Hunter)  Turns: 9791, Time: 00:32:21

Health: -5/94      AC:  8    Str: 16    XL:     10   Next: 87%
Magic:  9/9        EV: 13    Int:  6    God:    Okawaru [*****.]
Gold:   425        SH:  0    Dex: 30    Spells: 9/9 levels left

rFire   . . .        K - +0 orcbow
rCold   . . .        (shield currently unavailable)
rNeg    + . .        C - +1 leather armour {rN+}
rPois   .            (helmet restricted)
rElec   .            y - +2 cloak
rCorr   .            J - +0 pair of gloves
SInv    .            (no boots)
Will    .....        (no amulet)
Stlth   ++           g - +6 ring of dexterity
HPRegen 0.35/turn    o - +6 ring of dexterity
MPRegen 0.11/turn

%: no passive effects
@: slowed, very slow
A: horns 2, retaliatory headbutt
a: Renounce Religion, Heroism, Finesse, Duel


You were on level 10 of the Dungeon.
You worshipped Okawaru.
Okawaru was extremely pleased with you.
You visited 2 branches of the dungeon, and saw 11 of its levels.
You also visited: Sewer.

You collected 540 gold pieces.
You spent 115 gold pieces at shops.

Inventory:

Hand Weapons
 a - a +0 shortbow
 K - a +0 orcbow (weapon)
Missiles
 j - 5 datura-tipped darts
Armour
 c - a +0 leather armour
 y - a +2 cloak (worn)
 C - a +1 leather armour of positive energy (worn)
 J - a +0 pair of gloves (worn)
 L - a scarf of invisibility
Jewellery
 g - a +6 ring of dexterity (left hand)
 i - a ring of positive energy
 k - a ring of flight
 o - a +6 ring of dexterity (right hand)
 B - a ring of magical power
 D - an amulet of magic regeneration
 O - a ring of fire
Wands
 I - a wand of roots (7)
 M - a wand of acid (6)
Scrolls
 b - 5 scrolls of butterflies
 d - a scroll of enchant armour
 f - 2 scrolls of silence
 h - 2 scrolls of enchant weapon {unknown}
 q - 2 scrolls of immolation {unknown}
 t - 4 scrolls of noise
 u - 2 scrolls of vulnerability
 w - 2 scrolls of fog {unknown}
 x - 2 scrolls of brand weapon {unknown}
 E - a scroll of fear {unknown}
 F - a scroll of amnesia {unknown}
 P - a scroll of poison {unknown}
Potions
 e - a potion of attraction {unknown}
 l - a potion of enlightenment {unknown}
 m - 3 potions of magic {unknown}
 n - a potion of ambrosia
 p - a potion of curing
 r - a potion of haste {unknown}
 v - 4 potions of degeneration
 z - a potion of might {unknown}
 A - a potion of invisibility {unknown}
 G - a potion of mutation {unknown}
 H - 3 potions of brilliance


   Skills:
 + Level 10.6 Fighting
 - Level 16.0 Ranged Weapons
 - Level 2.1 Dodging
 - Level 0.7 Stealth


You had 9 spell levels left.
You didn't know any spells.
Your spell library contained the following spells:

 Spells                   Type           Power      Damage    Failure   Level
 Ensorcelled Hibernation  Hex/Ice        0%         N/A       67%         2
 Passwall                 Tmut/Erth      0%         N/A       67%         2
 Swiftness                Air            0%         N/A       88%         3


Dungeon Overview and Level Annotations

Branches:
Dungeon (10/15)            Temple (1/1) D:4            Lair (0/5) D:9
  Sewer (visited)
    Orc: D:9-12

Altars:
Ashenzari
Cheibriados
Dithmenos
Elyvilon
Fedhas
Gozag
Kikubaaqudgha
Makhleb
Nemelex Xobeh
Okawaru
Qazlal
Ru
Sif Muna
Trog
Uskayaw
Vehumet
Wu Jian
Xom
Yredelemnul
Zin
The Shining One

Shops:
D:2 ::   D:3 [   D:5 !   D:6 [

Annotations:
D:3 3 runed translucent doors, BleachOnTheBeach's ghost, amateur DsVM; innerfire43's ghost, amateur DsMo


Innate Abilities, Weirdness & Mutations

You have a pair of horns on your head.
You reflexively headbutt those who attack you in melee.


Message History

The kobold demonologist gestures wildly while chanting.
The ufetubus hits you.
* * * LOW HITPOINT WARNING * * *
The ufetubus hits you but does no damage.
You are confused.
You feel invigorated.
You feel sick.
The ufetubus hits you but does no damage.
The ufetubus misses you.
The kobold demonologist begins to cast a cantrip, but forgets the words!
The kobold demonologist gestures wildly while chanting.
The ufetubus misses you. The ufetubus hits you.
* * * LOW HITPOINT WARNING * * *
The crimson imp barely misses you.
You feel better.
You feel less invigorated. The ufetubus hits you.
* * * LOW HITPOINT WARNING * * *
The ufetubus closely misses you.
The kobold demonologist gestures wildly while chanting.
The kobold brigand closely misses you. The kobold demonologist misses you.
You furiously retaliate!
You headbutt the kobold demonologist! The crimson imp barely misses you.
The ufetubus barely misses you. You furiously retaliate!
You headbutt the ufetubus. The ufetubus hits you.
* * * LOW HITPOINT WARNING * * *
The kobold demonologist completely misses you.
The kobold brigand hits you with a +0 short sword.
* * * LOW HITPOINT WARNING * * *
The crimson imp barely misses you.
The crimson imp blinks!
The ufetubus attacks as you move away! The ufetubus closely misses you.
The ufetubus hits you but does no damage. x3
The ynoxinul gestures.
The kobold demonologist looks braver for a moment.
The crimson imp puffs mist at you. The ufetubus barely misses you.
The ufetubus hits you.
* * * LOW HITPOINT WARNING * * *
The ynoxinul gestures.
The kobold demonologist gestures wildly while chanting.
The crimson imp closely misses you. You furiously retaliate!
You headbutt the crimson imp! The sun demon hits you!
* * * LOW HITPOINT WARNING * * *
You are engulfed in flames!
You die...

..............................
####################.)........
# #..######## # #..# # #K.####
####################.3)......
..................455......KK
.............>...3K5..5......
.............<..@54.45.######
.................5K....#
.......................#
.<...................?.#
)......................#
.........................
.#############.#######.... .#
#.# ..## .#


You could see a sun demon (summoned), 2 orange demons, a rust devil (summoned),
a kobold demonologist, a ynoxinul (summoned), a kobold brigand, 3 crimson imps
and 4 ufetubi.

Vanquished Creatures
  2 two-headed ogres
  Joseph (D:7)
  11 yaks
  A wyvern (D:9)
  A wraith (D:8)
  A steam dragon (D:9)
  Menkaure (D:7)
  3 water moccasins
  2 orc warriors (D:9)
  4 ice beasts
  A black bear (D:7)
  An ogre (D:7)
  5 centaurs
  7 kobold brigands
  5 bullfrogs
  A gnoll sergeant (D:9)
  2 scorpions (D:7)
  3 wights (D:7)
  2 howler monkeys (D:5)
  4 hounds
  A jelly (D:4)
  2 gnoll boudas
  3 orc priests
  Crazy Yiuf (D:7)
  2 iguanas (D:5)
  5 orc wizards
  2 sleepcaps
  11 gnolls
  15 adders
  3 river rats (Sewer)
  2 ufetubi
  A worm (Sewer)
  A dart slug (D:1)
  30 orcs
  5 bats
  9 endoplasms
  3 giant cockroaches
  14 goblins
  7 hobgoblins
  7 jackals
  5 quokkas
  12 ball pythons
  16 kobolds
  11 rats
226 creatures vanquished.

Vanquished Creatures (others)
  An orc wizard (D:5)
  A jackal (D:3)
2 creatures vanquished.

Grand Total: 228 creatures vanquished

Notes
Turn   | Place    | Note
-------+----------+-------------------------------------------
     0 | D:1      | CornPuffBuddha the Minotaur Hunter began the quest for the
                  | Orb.
     0 | D:1      | Reached XP level 1. HP: 18/18 MP: 0/0
    52 | D:1      | Found a faded altar of an unknown god.
   137 | D:1      | Reached XP level 2. HP: 25/25 MP: 1/1
   206 | D:1      | Reached skill level 5 in Ranged Weapons
   801 | D:2      | Found Negepoal's Book Shoppe.
   827 | D:2      | Found Yguot's Vocational Training.
   914 | D:2      | Reached XP level 3. HP: 20/30 MP: 2/2
  1201 | D:2      | Found a glowing silver altar of Zin.
  1300 | D:2      | Reached skill level 6 in Ranged Weapons
  1571 | D:3      | Reached XP level 4. HP: 37/37 MP: 3/3
  1740 | D:3      | Found a basalt altar of Yredelemnul.
  1750 | D:3      | Noticed an ice beast
  1760 | D:3      | Found a glowing golden altar of the Shining One.
  1802 | D:3      | Killed an ice beast
  1803 | D:3      | Reached skill level 7 in Ranged Weapons
  1803 | D:3      | Reached XP level 5. HP: 42/42 MP: 4/4
  1934 | D:3      | Found Kuoluo's Antique Armour Shop.
  1989 | D:3      | Found a runed translucent gate.
  1989 | D:3      | Found a runed translucent gate.
  1989 | D:3      | Found a runed translucent gate.
  1990 | D:3      | Noticed innerfire43's ghost (amateur DsMo)
  1991 | D:3      | Noticed BleachOnTheBeach's ghost (amateur DsVM)
  2278 | D:3      | Noticed an angel
  2591 | D:4      | Found a radiant altar of Vehumet.
  2591 | D:4      | Found a stormy altar of Qazlal.
  2609 | D:4      | Found an iron altar of Okawaru.
  2635 | D:4      | Found a glowing silver altar of Zin.
  2641 | D:4      | Became a worshipper of Warmaster Okawaru
  2657 | D:4      | Found a staircase to the Ecumenical Temple.
  2669 | D:4      | Reached skill level 8 in Ranged Weapons
  2669 | D:4      | Reached XP level 6. HP: 50/50 MP: 5/5
  2678 | Temple   | Entered the Ecumenical Temple
  3041 | D:4      | Found a glowing drain.
  3053 | Sewer    | Entered a sewer
  3314 | Sewer    | Reached skill level 9 in Ranged Weapons
  3431 | Sewer    | Reached * piety under Okawaru
  3479 | Sewer    | Reached XP level 7. HP: 50/56 MP: 6/6
  4110 | D:5      | Entered Level 5 of the Dungeon
  4150 | D:5      | Reached skill level 10 in Ranged Weapons
  4541 | D:5      | Found Cies's Distillery.
  4566 | D:5      | Found a hide-covered altar of Uskayaw.
  4634 | D:5      | Identified the +0 leather armour "Agammoti" {Will+ rCorr
                  | Int+2}
  4987 | D:3      | Bought a runed leather armour for 115 gold pieces
  5189 | D:6      | Reached ** piety under Okawaru
  5311 | D:6      | Reached skill level 11 in Ranged Weapons
  5318 | D:6      | Reached XP level 8. HP: 56/62 MP: 7/7
  5341 | D:6      | Found Bapu's Armour Emporium.
  5992 | D:7      | Noticed Menkaure
  6000 | D:7      | Reached skill level 12 in Ranged Weapons
  6011 | D:7      | Killed Menkaure
  6552 | D:7      | Reached skill level 13 in Ranged Weapons
  6705 | D:7      | Noticed Joseph
  6743 | D:7      | Killed Joseph
  6743 | D:7      | Reached *** piety under Okawaru
  6744 | D:7      | Reached XP level 9. HP: 10/68 MP: 8/8
  7099 | D:7      | Reached skill level 14 in Ranged Weapons
  7229 | D:7      | Found a runed translucent door.
  7230 | D:7      | Noticed Crazy Yiuf
  7304 | D:7      | Killed Crazy Yiuf
  7461 | D:8      | Reached skill level 5 in Fighting
  7652 | D:8      | Reached **** piety under Okawaru
  8164 | D:9      | Reached XP level 10. HP: 81/86 MP: 9/9
  8176 | D:9      | Reached skill level 15 in Ranged Weapons
  8535 | D:8      | Reached ***** piety under Okawaru
  8886 | D:9      | Found a staircase to the Lair.
  8973 | D:9      | Reached skill level 16 in Ranged Weapons
  9344 | D:9      | Noticed a two-headed ogre
  9372 | D:9      | Killed a two-headed ogre
  9372 | D:9      | Received a gift from Okawaru
  9574 | D:10     | Entered Level 10 of the Dungeon
  9637 | D:10     | Noticed a two-headed ogre
  9691 | D:10     | Killed a two-headed ogre
  9692 | D:10     | Reached skill level 10 in Fighting
  9783 | D:10     | Noticed a sun demon
  9788 | D:10     | Noticed a rust devil
  9790 | D:10     | Noticed an orange demon
  9791 | D:10     | Slain by a sun demon

Illustrated notes

Levels and vault maps discovered:
D:1:      lightli_arrival_flooded_house, layout_basic,
          ebering_ecumenical_altar_rust
D:2:      layout_loops_ring, basic_altar, serial_shops, shop,
          nicolae_shop_vocational
D:3:      minmay_razor_zed, layout_basic, grunt_temple_overflow_holy_war,
          serial_shops, nicolae_shop_real_fake_doors, gammafunk_ghost_cemetery
D:4:      layout_basic, grunt_temple_overflow_cloverleaf,
          minmay_temple_entry_drinking_statues, portal_sewer_entry_b
D:5:      layout_basic, mainiacjoe_overflow_boulevard, serial_shops,
          nicolae_shop_tiny_real_fake_doors, hangedman_decor_lopped
D:6:      layout_rooms, serial_shops, shop_statue
D:7:      layout_gridville, uniq_crazy_yiuf_cottage, uniq_joseph, uniq_menkaure
D:8:      layout_loops_cross
D:9:      layout_cave_pools, lair_entry_dummy, grunt_ministairs_2
D:10:     layout_long_grid, nicolae_hepliaklqana_hippocampus, david_orc_2,
          kennysheep_decorative_pillar, uniq_snorg
Temple:   compressed_dpeg_circular_temple

Skill      XL: |  1  2  3  4  5  6  7  8  9 10 |
---------------+-------------------------------+-----
Ranged Weapons | 5 6 7 8 9 11 13 14 16 | 16.0
Fighting       | 7 10 | 10.6
Dodging        | |  2.1
Stealth        | |  0.7

Action                     |  1- 3 |  4- 6 |  7- 9 | 10-12 || total
---------------------------+-------+-------+-------+-------++-------
   Fire: Shortbow          |   102 |   185 |   379 |       ||   666
         Orcbow            |       |       |    23 |   145 ||   168
 Invoke: Heroism           |       |       |     1 |     1 ||     2
  Evoke: Wand              |       |       |       |     7 ||     7
    Use: Scroll            |       |       |    11 |     5 ||    16
         Potion            |       |       |     2 |     3 ||     5
 Armour: Leather armour    |    13 |    10 |    50 |    18 ||    91
  Dodge: Dodged            |    22 |    36 |    99 |    59 ||   216

Table legend: (Time is in decaauts)
 A = Elapsed time spent in this place.
 B = Non-inter-level travel time spent in this place.
 C = Inter-level travel time spent in this place.
 D = Time resting spent in this place.
 E = Time spent auto-exploring this place.
 F = Levels seen in this place.
 G = Mean time per level.
                   A        B        C        D        E       F      G
               +--------+--------+--------+--------+--------+-----+--------+
         Total |   9809 |   9407 |    402 |   1627 |   5806 |  12 |  817.4 |
       Dungeon |   9021 |   8656 |    365 |   1446 |   5450 |  10 |  902.1 |
        Temple |    129 |     92 |     37 |      0 |     80 |   1 |  129.0 |
         Sewer |    658 |    658 |      0 |    181 |    276 |   1 |  658.0 |
               +--------+--------+--------+--------+--------+-----+--------+

Top non-repeatable levels by time:
     D:7: 1559 daAuts
     D:8: 1206 daAuts
     D:3: 1083 daAuts
     D:4: 904 daAuts
     D:9: 880 daAuts
     D:5: 866 daAuts
     D:1: 808 daAuts
     D:2: 758 daAuts
     D:6: 735 daAuts
   Sewer: 658 daAuts
    D:10: 217 daAuts
  Temple: 129 daAuts
